Map: Nightshade LE

Players

Has - Winner!

  • Race: Protoss Protoss
  • Spawn Location: 11:00

Bly

  • Race: Zerg Zerg
  • Spawn Location: 5:00

Event: IEM Katowice 2020

VOD

Have the link to the VOD?

Description

Time

  • Played on: Feb. 24, 2020, 1:18 p.m.
  • Length: 11:31

All games in this series

Show
View Real Time Build Order
Export as new Build Order

Has Protoss - Winner!

Build Orders:  

Get SALT Encoding   

  12  0:00  Probe  
  13  0:12  Probe  
  14  0:18  Pylon  
  14  0:24  Probe  
  15  0:37  Gateway  
  15  0:38  Probe (Chrono Boost)  
  16  0:48  Probe (Chrono Boost)  
  17  0:53  Probe (Chrono Boost)  
  18  1:01  Forge  
  18  1:05  Probe  
  18  1:10  Assimilator  
  19  1:24  Pylon  
  19  1:26  Pylon  
  19  1:27  Pylon  
  19  1:42  Photon Cannon  
  19  1:48  Photon Cannon  
  19  1:53  Pylon  
  19  1:54  Probe  
  20  2:02  Assimilator  
  20  2:04  Zealot  
  22  2:09  Probe  
  22  2:10  Cybernetics Core  
  23  2:22  Probe  
  24  2:33  Photon Cannon  
  24  2:34  Probe, Zealot (Chrono Boost)  
  27  2:46  Probe  
  27  2:48  Stargate  
  28  2:53  Warp Gate  
  28  2:57  Pylon  
  28  3:21  Shield Battery  
  28  3:25  Stalker  
  29  3:27  Shield Battery  
  29  3:28  Void Ray (Chrono Boost)  
  33  3:37  Shield Battery  
  33  4:01  Void Ray (Chrono Boost)  
  37  4:13  Pylon  
  38  4:26  Nexus  
  38  4:41  Phoenix  
  38  4:43  Probe  
  40  4:48  Pylon  
  40  5:01  Stargate  
  40  5:06  Probe  
  41  5:09  Phoenix (Chrono Boost)  
  43  5:15  Pylon  
  43  5:18  Probe  
  44  5:31  Probe  
  44  5:32  Phoenix (Chrono Boost)  
  47  5:41  Stalker  
  49  5:43  Probe x2  
  51  5:52  Pylon  
  51  5:55  Probe x2  
  53  6:06  Phoenix  
  53  6:07  Probe  
  53  6:10  Probe (Chrono Boost)  
  57  6:18  Pylon  
  57  6:19  Probe (Chrono Boost)  
  57  6:22  Probe (Chrono Boost)  
  57  6:24  Assimilator  
  59  6:26  Assimilator  
  59  6:30  Probe (Chrono Boost)  
  59  6:31  Probe (Chrono Boost)  
  59  6:32  Pylon  
  61  6:34  Probe (Chrono Boost)  
  61  6:36  Probe  
  63  6:43  Phoenix  
  67  6:49  Probe  
  67  6:51  Probe  
  70  7:01  Probe  
  70  7:03  Probe  
  70  7:04  Fleet Beacon  
  69  7:13  Probe, Pylon  
  69  7:14  Pylon  
  69  7:15  Probe  
  71  7:16  Pylon  
  71  7:25  Probe  
  72  7:46  Mothership (Chrono Boost)  
  72  7:47  Gateway x2  
  72  7:49  Gateway  
  72  7:50  Gateway  
  72  7:53  Gateway  
  72  7:56  Pylon  
  80  8:04  Probe (Chrono Boost)  
  81  8:07  Pylon  
  81  8:18  Gateway  
  81  8:33  Sentry  
  83  8:47  Nexus  
  83  8:49  Pylon, Sentry x3, Stalker  
  83  8:50  Stalker  
  93  9:02  Stalker  
  95  9:06  Pylon  
  95  9:12  Pylon  
  95  9:15  Stalker x6  
  107  9:19  Pylon  
  107  9:21  Probe  
  108  9:27  Stalker  
  110  9:44  Stalker x4  
  118  9:48  Sentry x2  
  118  9:52  Sentry  
  124  10:07  Stalker  
  124  10:08  Stalker x2  
  124  10:11  Stalker  
  132  10:18  Stalker  
  132  10:20  Stalker  
  136  10:34  Oracle (Chrono Boost)  
  139  10:55  Probe  
  139  10:56  Probe x2, Pylon x2  
  142  11:01  Assimilator  
  142  11:02  Assimilator  
  142  11:08  Probe x3  
  142  11:10  Nexus  
  145  11:11  Pylon  
Show
View Real Time Build Order
Export as new Build Order

Bly Zerg 

Build Orders: Hatch First, Lurkers 

Get SALT Encoding   

  12  0:02  Drone  
  13  0:12  Overlord  
  13  0:17  Drone  
  14  0:31  Drone x2  
  16  0:50  Drone  
  16  0:56  Hatchery  
  16  1:19  Spawning Pool  
  16  1:21  Drone x3  
  18  1:41  Drone  
  18  1:43  Extractor  
  18  1:49  Extractor  
  18  1:50  Extractor  
  17  2:04  Hatchery  
  17  2:05  Drone  
  17  2:08  Zergling x2, Roach Warren  
  17  2:10  Zergling x2  
  19  2:22  Queen  
  21  2:33  Overlord  
  21  2:35  Drone  
  22  2:52  Roach x2  
  26  3:04  Roach  
  28  3:20  Roach  
  28  3:23  Roach  
  28  3:24  Roach  
  36  3:32  Overlord  
  34  3:46  Overlord  
  34  3:52  Ravager x3  
  37  3:59  Drone  
  37  4:02  Overlord  
  38  4:06  Drone  
  34  4:22  Drone x3  
  37  4:31  Hatchery  
  36  4:49  Overlord  
  36  4:58  Spore Crawler, Queen  
  37  5:12  Ravager  
  38  5:15  Spore Crawler  
  38  5:24  Metabolic Boost  
  38  5:33  Spore Crawler  
  37  5:36  Queen  
  30  5:52  Overlord  
  30  6:10  Spore Crawler, Drone  
  29  6:13  Lair  
  29  6:19  Drone  
  29  6:20  Drone x2  
  32  6:28  Hatchery  
  32  6:32  Hatchery  
  31  6:38  Hatchery  
  31  6:41  Drone x6  
  33  7:04  Hatchery  
  31  7:16  Hydralisk Den  
  30  7:31  Spore Crawler, Hatchery  
  30  7:33  Spore Crawler  
  27  7:39  Drone x3  
  27  7:41  Spore Crawler  
  29  7:46  Queen  
  31  8:05  Hatchery  
  30  8:18  Hydralisk x3  
  33  8:30  Hydralisk  
  35  8:44  Hydralisk  
  34  8:50  Spore Crawler, Grooved Spines  
  34  8:55  Lurker Den, Hydralisk  
  34  9:06  Queen  
  34  9:09  Drone x2  
  38  9:10  Drone  
  39  9:25  Hydralisk x2  
  39  9:29  Drone  
  44  9:34  Drone  
  45  9:40  Drone x2  
  47  9:49  Overseer  
  47  9:52  Drone x3  
  50  9:58  Lurker x2  
  52  10:03  Overlord  
  52  10:19  Overlord  
  52  10:20  Overlord  
  52  10:24  Lurker x3  
  55  10:33  Overseer  
  55  10:41  Hydralisk x3  
  59  10:56  Overseer  
  59  10:59  Drone  
  59  11:00  Extractor  
  59  11:01  Overlord x2  
  59  11:02  Extractor  

Tags
 
Add a new tag
Caveats
  • Supply blocks, unpowered buildings, or Contaminate may cause inaccurate times.
  • Supply counts are checked every 10 seconds.